Map: Ice and Chrome LE

Players

LiquidTLO (TLO)

  • Race: Zerg Zerg
  • League: Master
  • Spawn Location: 7:00

Namshar - Winner!

  • Race: Zerg Zerg
  • League: Master
  • Spawn Location: 1:00

Event: DreamHack SC2 Masters 2020 Summer North America

VOD

Have the link to the VOD?

Description

Time

  • Played on: July 9, 2020, 5:11 p.m.
  • Length: 11:25

All games in this series

Show
View Real Time Build Order
Export as new Build Order

LiquidTLO Zerg 

Build Orders: Hatch First, Muta Ling Bane 

Get SALT Encoding   

  12  0:00  Drone  
  13  0:13  Overlord  
  13  0:16  Drone  
  14  0:32  Drone x2  
  16  0:47  Hatchery  
  15  0:50  Drone  
  15  0:54  Drone  
  15  0:57  Drone  
  18  1:03  Extractor  
  17  1:13  Spawning Pool  
  17  1:16  Drone  
  17  1:19  Drone  
  18  1:29  Drone  
  19  1:44  Drone  
  20  1:51  Overlord  
  20  1:59  Queen  
  20  2:00  Queen  
  24  2:01  Zergling x2  
  24  2:05  Metabolic Boost  
  24  2:07  Drone  
  26  2:10  Drone  
  26  2:13  Drone  
  28  2:20  Drone  
  29  2:23  Drone  
  30  2:33  Hatchery  
  30  2:36  Drone  
  30  2:38  Drone  
  30  2:43  Overlord  
  31  2:45  Drone  
  32  2:53  Overlord  
  32  2:56  Overlord  
  32  3:07  Baneling Nest  
  32  3:09  Zergling x2  
  32  3:10  Zergling x8  
  36  3:14  Zergling x4  
  36  3:15  Zergling x2  
  40  3:20  Zergling x2  
  40  3:21  Zergling x2  
  42  3:27  Queen  
  42  3:31  Zergling x2  
  45  3:37  Drone  
  45  3:39  Lair  
  45  3:40  Drone  
  47  3:41  Drone  
  47  3:43  Extractor  
  47  3:46  Drone  
  47  3:49  Drone x2  
  47  3:50  Drone  
  47  3:53  Drone  
  47  3:55  Drone  
  48  3:56  Drone  
  48  3:58  Drone  
  48  3:59  Drone  
  49  4:08  Baneling Nest  
  48  4:10  Drone x2  
  48  4:15  Drone  
  51  4:21  Evolution Chamber  
  51  4:22  Drone  
  51  4:24  Roach Warren, Drone  
  51  4:25  Drone  
  51  4:26  Drone  
  51  4:27  Drone  
  51  4:30  Zergling x2  
  55  4:32  Zergling x2  
  55  4:34  Zergling x2  
  55  4:35  Zergling x4  
  57  4:39  Zergling x2  
  57  4:41  Zergling x2  
  54  4:48  Zergling x4, Spire  
  54  4:50  Zergling x2  
  56  4:59  Drone, Extractor x2  
  55  5:01  Drone  
  55  5:02  Drone  
  55  5:03  Drone  
  55  5:05  Drone  
  59  5:09  Baneling x2  
  58  5:15  Drone  
  58  5:16  Drone  
  58  5:17  Overlord  
  59  5:25  Hatchery  
  59  5:26  Drone  
  59  5:28  Overlord  
  59  5:32  Zerg Melee Weapons Level 1  
  59  5:36  Baneling x2  
  59  5:37  Drone  
  59  5:38  Drone  
  61  5:46  Drone  
  61  5:47  Baneling, Overlord, Zergling x2  
  60  5:53  Drone  
  60  5:55  Overlord  
  60  6:00  Drone x4  
  60  6:02  Zerg Flyer Weapons Level 1  
  60  6:03  Drone  
  65  6:09  Drone  
  66  6:13  Drone x2  
  66  6:17  Drone x2  
  70  6:23  Baneling x2  
  70  6:24  Hatchery  
  70  6:25  Drone  
  69  6:27  Drone  
  69  6:30  Drone  
  69  6:31  Drone x2  
  72  6:33  Drone  
  72  6:35  Extractor  
  72  6:36  Drone  
  72  6:37  Drone, Extractor  
  73  6:41  Drone  
  73  6:43  Drone, Overlord  
  72  6:49  Drone  
  72  6:53  Drone x2  
  75  6:56  Mutalisk  
  75  6:57  Centrifical Hooks  
  75  6:58  Mutalisk  
  75  6:59  Mutalisk  
  75  7:00  Mutalisk  
  83  7:01  Mutalisk  
  83  7:02  Extractor  
  83  7:05  Mutalisk  
  83  7:07  Mutalisk, Extractor  
  87  7:10  Pneumatized Carapace  
  87  7:11  Drone  
  87  7:13  Drone  
  87  7:14  Mutalisk  
  91  7:18  Overlord  
  91  7:20  Mutalisk  
  93  7:25  Drone x3  
  96  7:30  Mutalisk  
  96  7:31  Mutalisk  
  96  7:34  Zergling x2  
  96  7:35  Zergling x4  
  103  7:38  Baneling x4  
  103  7:39  Drone x2  
  103  7:42  Drone  
  106  7:45  Zerg Melee Weapons Level 2  
  106  7:48  Zergling x2  
  106  7:49  Mutalisk  
  109  7:58  Mutalisk  
  109  8:01  Mutalisk  
  109  8:03  Mutalisk  
  109  8:08  Mutalisk  
  109  8:10  Zergling x18  
  120  8:14  Overlord  
  120  8:15  Overlord  
  120  8:19  Overlord  
  120  8:21  Overseer  
  120  8:23  Zerg Flyer Weapons Level 2  
  120  8:24  Overlord  
  120  8:27  Infestation Pit  
  119  8:38  Zergling x2  
  119  8:39  Zergling x6  
  121  8:43  Zergling x2  
  121  8:45  Mutalisk x2  
  126  8:48  Baneling  
  126  8:49  Baneling x3  
  126  8:51  Mutalisk  
  126  8:52  Zergling x10  
  126  8:54  Mutalisk  
  135  8:57  Mutalisk  
  135  9:01  Spore Crawler  
  136  9:03  Mutalisk  
  138  9:13  Mutalisk  
  140  9:17  Hive  
  140  9:18  Zergling x2  
  140  9:23  Zergling x6  
  144  9:26  Overlord  
  144  9:31  Zergling x2  
  144  9:32  Overlord  
  144  9:33  Overlord  
  144  9:35  Mutalisk x2  
  149  9:38  Overlord  
  149  9:47  Mutalisk x2  
  149  9:48  Mutalisk  
  145  9:53  Mutalisk x3  
  145  9:56  Zergling x2  
  143  10:02  Zergling x4  
  143  10:03  Zergling x2  
  143  10:06  Drone  
  147  10:15  Zergling x2  
  147  10:18  Hatchery  
  147  10:20  Zergling x2  
  147  10:21  Zergling x18  
  150  10:28  Baneling x3  
  150  10:29  Baneling x5  
  150  10:31  Mutalisk x2, Zergling x2  
  150  10:32  Hatchery, Mutalisk x2  
  150  10:34  Mutalisk  
  150  10:35  Mutalisk  
  159  10:38  Mutalisk  
  159  10:39  Baneling  
  159  10:41  Overlord  
  160  10:46  Mutalisk  
  160  10:48  Mutalisk  
  134  10:52  Zergling x10  
  134  10:53  Zergling x2  
Show
View Real Time Build Order
Export as new Build Order

Namshar Zerg - Winner!

Build Orders: Hatch First, Lurkers 

Get SALT Encoding   

  12  0:00  Drone  
  13  0:12  Overlord  
  13  0:17  Drone  
  14  0:30  Drone x2  
  16  0:47  Hatchery  
  15  0:50  Drone  
  15  0:54  Drone  
  17  0:57  Drone  
  18  1:08  Extractor  
  17  1:12  Spawning Pool  
  17  1:15  Drone  
  17  1:18  Drone  
  18  1:28  Drone  
  19  1:39  Drone  
  20  1:50  Drone  
  21  1:58  Queen  
  21  1:59  Queen  
  21  2:00  Drone, Overlord  
  26  2:11  Metabolic Boost  
  26  2:12  Drone x2  
  28  2:21  Zergling x4  
  30  2:31  Drone  
  30  2:32  Drone  
  30  2:36  Hatchery  
  31  2:42  Queen  
  33  2:48  Overlord  
  33  2:53  Baneling Nest  
  33  2:56  Drone x2  
  34  3:02  Drone  
  35  3:07  Drone x2  
  35  3:08  Zergling x2  
  37  3:15  Drone  
  37  3:16  Drone x3  
  41  3:20  Overlord  
  41  3:22  Zergling x2  
  41  3:26  Zergling x2  
  43  3:36  Baneling  
  43  3:37  Baneling  
  43  3:39  Baneling x2  
  43  3:40  Zergling x4  
  45  3:42  Zergling x2  
  45  3:47  Zergling x2  
  47  3:52  Zergling x14  
  53  4:00  Baneling  
  52  4:03  Baneling  
  52  4:04  Drone x2  
  52  4:05  Drone  
  55  4:10  Extractor  
  55  4:13  Drone x3  
  55  4:14  Evolution Chamber  
  56  4:18  Roach Warren  
  56  4:22  Drone  
  56  4:23  Drone  
  57  4:27  Overlord  
  57  4:35  Drone  
  57  4:46  Overlord x2  
  57  4:47  Lair  
  57  4:49  Drone x5  
  57  4:50  Drone x3  
  57  4:52  Zergling x2  
  65  4:58  Zerg Missile Weapons Level 1  
  65  4:59  Drone x2  
  64  5:00  Drone  
  64  5:01  Overlord  
  64  5:03  Extractor  
  63  5:10  Zergling x4  
  65  5:15  Drone  
  65  5:16  Drone x6  
  72  5:24  Overlord  
  72  5:29  Drone  
  72  5:30  Drone x6  
  72  5:34  Drone x2  
  81  5:36  Drone  
  81  5:38  Extractor  
  81  5:39  Extractor  
  79  5:46  Baneling x2  
  77  5:52  Drone x2  
  77  5:53  Drone x5, Extractor  
  81  5:57  Infestation Pit  
  81  5:58  Drone  
  81  5:59  Drone x2  
  81  6:02  Glial Reconstitution, Spore Crawler  
  82  6:06  Overlord x2  
  82  6:07  Queen  
  82  6:10  Overlord  
  84  6:12  Hatchery  
  84  6:14  Queen  
  84  6:16  Drone  
  86  6:20  Overseer, Spore Crawler  
  85  6:29  Roach x6  
  97  6:34  Pathogen Glands  
  97  6:37  Hydralisk Den  
  96  6:40  Spore Crawler  
  92  6:51  Queen  
  94  6:54  Overlord x2  
  94  6:55  Pneumatized Carapace  
  94  6:56  Queen  
  94  6:57  Zerg Missile Weapons Level 2  
  94  7:01  Evolution Chamber  
  95  7:03  Infestor x2  
  95  7:07  Drone, Spore Crawler  
  95  7:08  Grooved Spines  
  99  7:12  Infestor  
  99  7:15  Overlord  
  101  7:16  Drone  
  102  7:30  Extractor  
  102  7:31  Drone x11  
  102  7:34  Drone x2, Spore Crawler x2  
  112  7:41  Roach x2  
  115  7:48  Infestor  
  115  7:51  Zerg Ground Armor Level 1  
  117  7:52  Lurker Den  
  117  7:54  Spore Crawler  
  115  8:02  Hydralisk x4  
  119  8:12  Hydralisk x3, Extractor  
  117  8:19  Drone, Muscular Augments  
  124  8:20  Spore Crawler  
  124  8:22  Overlord x2  
  124  8:24  Hive, Overlord  
  124  8:25  Hydralisk x2  
  127  8:32  Infestor  
  129  8:35  Drone x2, Overlord  
  129  8:36  Overlord x3  
  129  8:42  Queen  
  129  8:43  Hydralisk x3  
  137  8:52  Drone  
  137  8:54  Overlord  
  137  8:55  Hydralisk x3  
  138  9:01  Hydralisk x2  
  148  9:15  Hydralisk x7  
  162  9:31  Lurker x3  
  164  9:32  Lurker  
  164  9:36  Queen  
  168  9:52  Hydralisk  
  165  9:53  Hydralisk x4  
  172  10:01  Queen  
  172  10:06  Seismic Spines  
  174  10:15  Hatchery, Hydralisk x2  
  174  10:16  Roach x8  
  193  10:29  Lurker  
  193  10:32  Lurker  
  194  10:38  Hydralisk x3  
  183  10:52  Hydralisk  
  183  10:53  Hydralisk x7  
Tags
 
Add a new tag
Caveats
  • Supply blocks, unpowered buildings, or Contaminate may cause inaccurate times.
  • Supply counts are checked every 10 seconds.